 Dungeon Crawl Stone Soup version 0.23-a0-767-gdc19b93d68 (webtiles) character file.

14485 Stenkros the Basher (level 11, -1/117 HPs)
             Began as a Troll Berserker on Jan 23, 2019.
             Was a High Priest of Trog.
             Succumbed to a spiny frog's poison
             ... on level 1 of the Lair of Beasts.
             The game lasted 01:12:57 (11467 turns).

Stenkros the Basher (Troll Berserker)              Turns: 11467, Time: 01:12:58

Health: -1/117     AC:  7    Str: 30    XL:     11   Next: 89%
Magic:  10/10      EV: 10    Int:  3    God:    Trog [*****.]
Gold:   587        SH:  0    Dex:  9    Spells: 10/10 levels left

rFire    . . .     SeeInvis +   a - +1 giant club
rCold    . . .     Gourm    +   (shield currently unavailable)
rNeg     . . .     Faith    .   J - +0 troll leather armour
rPois    +         Spirit   .   (helmet restricted)
rElec    .         Reflect  .   (no cloak)
rCorr    .         Harm     .   (gloves unavailable)
MR       .....                  (boots unavailable)
Stlth    +.........             (no amulet)
HPRegen  1.09/turn              h - ring of poison resistance
MPRegen  0.12/turn              v - ring of see invisible

@: lethally poisoned (-1 -> -10), berserk cooldown, slowed, very slow
A: large, unfitting armour, claws 3, fast metabolism 3, gourmand, regeneration
1, shaggy fur 1, tough skin 2
a: Berserk, Trog's Hand, Brothers in Arms, Renounce Religion


You were on level 1 of the Lair of Beasts.
You worshipped Trog.
Trog was extremely pleased with you.
You were full.

You visited 2 branches of the dungeon, and saw 13 of its levels.

You collected 587 gold pieces.

Inventory:

Hand Weapons
 a - a +1 giant club (weapon)
 b - a +8 hunting sling of freezing
 n - a +0 flail
 N - a +0 hunting sling of freezing
Missiles
 M - 98 stones (quivered)
Armour
 q - a +0 large shield
 J - a +0 troll leather armour (worn)
 L - a +0 animal skin
Jewellery
 h - a ring of poison resistance (left claw)
 v - a ring of see invisible (right claw)
 E - an uncursed ring of teleportation
Wands
 j - a wand of random effects (42)
 s - a wand of digging (6)
 t - a wand of enslavement (34)
 A - a wand of flame (28)
Scrolls
 d - 2 scrolls of enchant armour
 e - 2 scrolls of remove curse
 f - 10 scrolls of identify
 i - 4 scrolls of immolation {unknown}
 o - 3 scrolls of magic mapping
 r - 3 scrolls of amnesia
 u - a scroll of fog
 w - 4 scrolls of teleportation
 y - 2 scrolls of blinking {unknown}
 G - a scroll of vulnerability {unknown}
 I - a scroll of brand weapon {unknown}
 P - a scroll of fear {unknown}
Potions
 g - 3 potions of degeneration {unknown}
 k - a potion of lignification {unknown}
 l - 8 potions of curing {unknown}
 m - a potion of heal wounds {unknown}
 p - 3 potions of mutation {unknown}
 x - a potion of cancellation {unknown}
 z - a potion of invisibility {unknown}
 B - 2 potions of agility {unknown}
 C - 2 potions of brilliance {unknown}
 D - 2 potions of flight {unknown}
 F - a potion of resistance {unknown}
 H - a potion of haste {unknown}
 K - a potion of magic {unknown}
 O - a potion of might
Comestibles
 c - 20 rations


   Skills:
 + Level 10.0 Fighting
 + Level 13.6 Maces & Flails
 - Level 2.1 Armour
 - Level 3.5 Dodging
 - Level 0.2 Stealth


You had 10 spell levels left.
You didn't know any spells.
Your spell library was empty.

Dungeon Overview and Level Annotations

Branches:
Dungeon (11/15)            Temple (0/1) D:5            Lair (2/6) D:8
  Swamp: Lair:2-4    Shoals: Lair:2-4     Snake: Lair:2-4    Spider: Lair:2-4
    Orc: D:9-12

Altars:
Ashenzari
Dithmenos
Fedhas
Hepliaklqana
Makhleb
Nemelex Xobeh
Qazlal
Trog
Vehumet
Wu Jian
Xom
Yredelemnul
The Shining One

Shops:
D:8 [


Innate Abilities, Weirdness & Mutations

You are too large for most types of armour.
You have claws for hands.
Your metabolism is lightning-fast.
You like to eat raw meat.
Your natural rate of healing is unusually fast.
You are covered in fur. (AC +1)
You have very tough skin. (AC +2)


Message History

The spiny frog is almost dead.
You feel sick.
You barely miss the spiny frog.
The spiny frog is almost dead.
You feel sick. The spiny frog stings you!
* * * LOW HITPOINT WARNING * * *
The porcupine bites you!
* * * LOW HITPOINT WARNING * * *
* * * LOW HITPOINT WARNING * * *
You feel sick. The spiny frog stings you.
* * * LOW HITPOINT WARNING * * *
You feel a strong urge to attack something.
* * * LOW HITPOINT WARNING * * *
You feel sick.
You are no longer berserk.
You are exhausted.
You feel yourself slow down.
* * * LOW HITPOINT WARNING * * *
You feel sick.
You die...

##..........# #..###.####.# #..#
### ##.## ##.# ####...########
#.# #.............. #.#
#.##....####### #.####.###..## #
#.#.#≈.##..#########
#..@..≈≈...........#
####.≈≈≈≈≈...#####.# ###### #####
##.F≈≈≈≈≈≈..# #.#
..P#.###...####.r.≈≈≈≈≈≈..# ##.#
.................>.≈≈≈≈≈..## #..#
#.######....#.....≈≈≈≈≈≈...# ##.#
#########.#.#.##.≈≈≈≈≈≈≈..#####.#
#.............≈≈≈≈≈≈≈≈.........
#.#.######..##.≈≈≈≈≈......#.#..


You could see a spiny frog.

Vanquished Creatures
  Harold (Lair:1)
  A two-headed ogre (D:8)
  2 unseen horrors
  2 manticores (D:11)
  A spiny frog (Lair:1)
  Prince Ribbit (D:7)
  6 trolls
  5 hippogriffs
  Sigmund (D:3)
  A wraith (D:10)
  A wyvern (D:7)
  5 yaks
  An acid dragon (D:11)
  2 soldier ants (D:8)
  2 water moccasins (Lair:1)
  A porcupine (Lair:1)
  4 ice beasts
  4 sky beasts
  3 black bears
  4 orc warriors
  5 ogres
  2 phantoms (D:8)
  12 centaurs
  3 crocodiles
  A big kobold (D:10)
  6 bullfrogs
  A gnoll sergeant (D:10)
  2 wyvern skeletons
  A water moccasin skeleton (D:8)
  3 scorpions
  4 wights
  4 killer bees (D:9)
  6 howler monkeys
  2 centaur zombies
  4 crimson imps
  5 hounds
  3 centaur skeletons
  2 jellies
  2 bullfrog skeletons (D:8)
  6 orc priests
  10 orc wizards
  Terence (D:2)
  4 worker ants
  4 iguanas
  3 worker ant zombies
  A howler monkey zombie (D:6)
  9 gnolls
  18 adders
  4 shadow imps
  An ooze (D:1)
  2 adder skeletons
  3 worms
  2 dart slugs
  2 leopard geckos
  42 orcs
  A ball python (D:2)
  6 bats
  7 giant cockroaches
  8 hobgoblins
  11 jackals
  A quokka (D:5)
  7 frilled lizards
  A goblin (D:3)
  A jackal zombie (D:6)
  17 kobolds
  2 leopard gecko skeletons
  2 quokka skeletons
  15 rats
  6 fungi (Lair:1)
  10 plants
323 creatures vanquished.

Vanquished Creatures (others)
  A fungus (Lair:1)
1 creature vanquished.

Grand Total: 324 creatures vanquished

Notes
Turn   | Place    | Note
-------+----------+-------------------------------------------
     0 | D:1      | Stenkros the Troll Berserker began the quest for the Orb.
     0 | D:1      | Reached XP level 1. HP: 22/22 MP: 0/0
   118 | D:1      | Reached skill level 3 in Maces & Flails
   122 | D:1      | Reached XP level 2. HP: 28/29 MP: 1/1
   313 | D:1      | Reached ** piety under Trog
   601 | D:1      | Reached XP level 3. HP: 12/36 MP: 2/2
   762 | D:2      | Noticed Terence
   787 | D:2      | Killed Terence
   787 | D:2      | Reached XP level 4. HP: 24/45 MP: 3/3
  1288 | D:3      | Reached skill level 4 in Maces & Flails
  1360 | D:3      | Reached XP level 5. HP: 48/53 MP: 4/4
  1613 | D:3      | Noticed Sigmund
  1633 | D:3      | Killed Sigmund
  1633 | D:3      | Reached XP level 6. HP: 61/61 MP: 5/5
  1861 | D:3      | Reached *** piety under Trog
  2216 | D:3      | Reached skill level 5 in Maces & Flails
  2246 | D:4      | Reached skill level 1 in Armour
  2293 | D:4      | Reached XP level 7. HP: 57/70 MP: 6/6
  2338 | D:4      | Found a sparkling altar of Nemelex Xobeh.
  2527 | D:5      | Entered Level 5 of the Dungeon
  3126 | D:4      | Reached skill level 6 in Maces & Flails
  3468 | D:5      | Reached XP level 8. HP: 60/79 MP: 7/7
  3507 | D:5      | Found a shadowy altar of Dithmenos.
  3533 | D:5      | Found a staircase to the Ecumenical Temple.
  3542 | D:5      | Reached **** piety under Trog
  3602 | D:5      | Reached skill level 7 in Maces & Flails
  3911 | D:5      | Found an ornate altar of the Wu Jian Council.
  4135 | D:5      | Reached skill level 8 in Maces & Flails
  4562 | D:6      | Reached skill level 9 in Maces & Flails
  4643 | D:6      | Found a radiant altar of Vehumet.
  4987 | D:7      | Reached XP level 9. HP: 36/85 MP: 8/8
  5242 | D:7      | Noticed Prince Ribbit
  5251 | D:7      | Killed Prince Ribbit
  5314 | D:7      | Reached skill level 10 in Maces & Flails
  5355 | D:7      | Reached ***** piety under Trog
  5427 | D:7      | Found a blossoming altar of Fedhas.
  5867 | D:8      | Noticed a deep elf mage
  5931 | D:8      | Reached skill level 5 in Fighting
  6151 | D:8      | Noticed a two-headed ogre
  6164 | D:8      | Killed a two-headed ogre
  6164 | D:8      | Reached skill level 11 in Maces & Flails
  6289 | D:8      | Reached XP level 10. HP: 98/98 MP: 9/9
  6298 | D:8      | Found Qurumyurch's Armour Emporium.
  6305 | D:8      | Found a stormy altar of Qazlal.
  6341 | D:8      | Found a staircase to the Lair.
  6406 | D:8      | Noticed a two-headed ogre
  7091 | D:9      | Found a shattered altar of Ashenzari.
  7106 | D:9      | Found a basalt altar of Yredelemnul.
  7106 | D:9      | Found a hazy altar of Hepliaklqana.
  7117 | D:9      | Found a burning altar of Makhleb.
  7127 | D:9      | Found a bloodstained altar of Trog.
  7227 | D:9      | Found a shimmering altar of Xom.
  7398 | D:9      | Found a glowing golden altar of the Shining One.
  7739 | D:9      | Found a glowing golden altar of the Shining One.
  7741 | D:9      | Reached skill level 12 in Maces & Flails
  8323 | D:10     | Entered Level 10 of the Dungeon
  8949 | D:10     | Noticed an unseen horror
  8968 | D:10     | Killed an unseen horror
  8968 | D:10     | Reached XP level 11. HP: 99/113 MP: 10/10
  9117 | D:11     | Noticed an unseen horror
  9126 | D:11     | Killed an unseen horror
  9448 | D:11     | HP: 4/115 [centaur/arrow (10)]
  9665 | D:10     | Reached skill level 13 in Maces & Flails
  9935 | D:11     | Received a gift from Trog
 10722 | Lair:1   | Entered Level 1 of the Lair of Beasts
 10749 | Lair:1   | Noticed Harold
 10755 | Lair:1   | Killed Harold
 10889 | Lair:1   | Reached skill level 10 in Fighting
 11464 | Lair:1   | HP: 8/175 [poisoned by a spiny frog]
 11465 | Lair:1   | HP: 3/175 [poisoned by a spiny frog]
 11467 | Lair:1   | Succumbed to a spiny frog's poison

Vault maps used:
D:1:      elethiomel_arrival_quiet
D:2:      serial_bayou_pond_a, grunt_decor_fettered, uniq_terence
D:3:      chequers_serial_rivers_small_3, grunt_ministairs_14,
          kennysheep_decorative_pillar, uniq_sigmund
D:4:      nemelex_xobeh_ov_fountains_minmay
D:5:      old_standard_altar, lemuel_coloured_pillars_altar,
          minmay_temple_entry_trees, first_ration
D:6:      vehumet_altar_wand_db, grunt_tough_drop
D:7:      fedhas_ov_isle_minmay, uniq_prince_ribbit1
D:8:      lemuel_crystal_altar, lair_entry_dummy, serial_shops, shop,
          kennysheep_minor_cross, hangedman_pestilent_swarm,
          onia_ninara_dug_in_and_dangerous
D:9:      lemuel_round_altar, tso_oasis_becter, minmay_overflow_temple_star_hex,
          basic_altar
D:10:     minmay_misc_feat_rugged
Lair:1:   st_stairs_4, infiniplex_staircase_pool, uniq_harold
Lair:2:   dummy_snake_entry, serial_bayou_shore_a

Skill      XL: |  1  2  3  4  5  6  7  8  9 10 11 |
---------------+----------------------------------+-----
Maces & Flails | 3 4 5 6 9 11 12 13 | 13.6
Fighting       | 3 4 6 8 10 | 10.0
Dodging        | 3 |  3.5
Armour         | 1 2 |  2.1
Stealth        | |  0.2

Action                   |  1- 3 |  4- 6 |  7- 9 | 10-12 || total
-------------------------+-------+-------+-------+-------++-------
Melee: Mace              |   113 |    62 |       |       ||   175
       Flail             |       |   155 |   112 |       ||   267
       Giant club        |       |       |   327 |   448 ||   775
Invok: Berserk           |     1 |     3 |     4 |    16 ||    24
       Brothers in Arms  |       |       |       |     1 ||     1
  Use: Scroll            |       |       |     9 |       ||     9
  Eat: Chunk             |    13 |    18 |    43 |    57 ||   131
       Ration            |       |       |       |     1 ||     1
Armor: Animal skin       |    69 |    72 |   123 |    53 ||   317
       Troll leather arm |       |       |       |    98 ||    98
Dodge: Dodged            |    95 |   124 |   253 |   262 ||   734
Block: Large shield      |       |    22 |    74 |       ||    96

Table legend:
 A = Non-vault XP
 B = Vault XP
 C = Vault XP percentage of total XP
 D = Non-vault monster count
 E = Vault monster count
 F = Vault count percentage of total count
                 A         B        C        D         E       F
            +---------+---------+-------+---------+---------+-------
      Total |   17873 |    2820 |  13.6 |     289 |      18 |   5.9
            +---------+---------+-------+---------+---------+-------
        D:1 |      77 |       0 |   0.0 |      22 |       0 |   0.0
        D:2 |      43 |      36 |  45.6 |      20 |       1 |   4.8
        D:3 |     225 |     223 |  49.8 |      26 |       3 |  10.3
        D:4 |     549 |       0 |   0.0 |      31 |       0 |   0.0
        D:5 |     905 |       0 |   0.0 |      29 |       0 |   0.0
        D:6 |     344 |     210 |  37.9 |      10 |       5 |  33.3
        D:7 |    1138 |     291 |  20.4 |      21 |       1 |   4.5
        D:8 |    2083 |     337 |  13.9 |      20 |       4 |  16.7
        D:9 |    2500 |       0 |   0.0 |      28 |       0 |   0.0
       D:10 |    3588 |       0 |   0.0 |      45 |       0 |   0.0
       D:11 |    5286 |       0 |   0.0 |      30 |       0 |   0.0
     Lair:1 |    1135 |    1723 |  60.3 |       7 |       4 |  36.4
            +---------+---------+-------+---------+---------+-------
